 Dungeon Crawl Stone Soup version 0.18-a0-1-gfac8111 (webtiles) character file.

107 Ijustatesigmund the Sneak (level 4, 0/27 HPs)
             Began as an Octopode Wizard on Oct 30, 2015.
             Succumbed to a worker ant's poison
             ... on level 4 of the Dungeon.
             The game lasted 00:07:14 (2223 turns).

Ijustatesigmund the Sneak (Octopode Wizard)         Turns: 2223, Time: 00:07:14

Health: 0/27       AC:  1    Str:  6    XL:     4   Next: 86%
Magic:  7/8        EV: 12    Int: 21    God:
Gold:   154        SH:  0    Dex: 10    Spells: 4 memorised, 1 level left

rFire  . . .     SeeInvis +     l - +1 short sword
rCold  . . .     Clarity  .     (no shield)
rNeg   + . .     SustAt   .     a - +0 hat
rPois  .         Gourm    .     (no amulet)
rElec  .         Spirit   .     k - ring of see invisible
rCorr  .         Warding  .     j - ring of positive energy
rMut   .         Stasis   .     (no ring)
MR     .....                    (no ring)
Stlth  ++++......               (no ring)
                                (no ring)
                                (no ring)
                                (no ring)

@: lethally poisoned (0 -> -7), very slightly contaminated, repel missiles, not
resistant to hostile enchantments, stealthy
A: almost no armour, amphibious, 8 rings, constrict 8, camouflage 1, gelatinous
body 1
a: no special abilities


You were on level 4 of the Dungeon.
You were not hungry.

You visited 1 branch of the dungeon, and saw 4 of its levels.

You collected 154 gold pieces.

Inventory:

Hand Weapons
 l - a +1 short sword (weapon)
Armour
 a - a +0 hat (worn)
Jewellery
 j - a ring of positive energy (right tentacle)
 k - a ring of see invisible (left tentacle)
Scrolls
 e - 3 scrolls of remove curse
 f - a scroll of recharging
 g - a scroll of identify
 n - a scroll of teleportation
Potions
 i - a potion of brilliance
Books
 b - a book of Minor Magic

   Spells                             Type                      Level
   a - Magic Dart                     Conjuration                  1
   b - Blink                          Translocation                2
   c - Call Imp                       Summoning                    2
   d - Repel Missiles                 Charms/Air                   2
   e - Slow                           Hexes                        2
   f - Conjure Flame                  Conjuration/Fire             3
   g - Mephitic Cloud                 Conjuration/Poison/Air       3
Comestibles
 c - 3 bread rations
 h - 5 meat rations
 o - 2 chunks of flesh


   Skills:
 - Level 2.0 Dodging
 + Level 4.8 Stealth
 - Level 3.0 Spellcasting
 + Level 3.4 Conjurations
   Level 1.0 Summonings
 - Level 1.0 Translocations


You had one spell level left.
You knew the following spells:

 Your Spells              Type           Power        Failure   Level  Hunger
a - Magic Dart            Conj           ###.         3%          1    None
b - Blink                 Tloc           N/A          14%         2    ##.....
c - Repel Missiles        Chrm/Air       #.....       21%         2    ##.....
d - Mephitic Cloud        Conj/Pois/Air  #.......     30%         3    ###....


Dungeon Overview and Level Annotations

Branches:
Dungeon (4/15)
 Temple: D:4-7

Altars:
Gozag
Ru

Annotations:
D:4 SlimeFever's ghost, amateur DsIE


Innate Abilities, Weirdness & Mutations

You cannot wear most types of armour.
You are amphibious.
You can wear up to eight rings at the same time.
You can use your tentacles to constrict eight enemies at once.
Your skin changes colour to match your surroundings (Stealth).
Your rubbery body absorbs attacks (AC +1).


Message History

You feel sick.
Casting: Blink
Confirm with . or Enter, or press ? or * to list all spells.
You blink.
* * * LOW HITPOINT WARNING * * *
You feel sick.
The teleport trap disappears.
The worker ant disappears!
There is a lethal amount of poison in your body!
* * * LOW HITPOINT WARNING * * *
You feel sick.
* * * LOW HITPOINT WARNING * * *
You feel sick.
* * * LOW HITPOINT WARNING * * *
You feel sick.
Drink which item? (? for menu, Esc to quit)
Okay, then.
Read which item? (? for menu, Esc to quit)
Okay, then.
* * * LOW HITPOINT WARNING * * *
You feel sick.
You die...

####.####.###(#.........#.#
.......##.# #.###.######.##
####.#.##.###.###.# #.#### #
#.#.##.........# #.##.##
####.#.#####...#### #.#...##
##...#.# ##.....## ##......#
##..##.###.......## ##.##...##
##.W.#.##.........####...##.##
........'.......@('.......#)#
.......##.........####...##.#
##..######.......## ##.###.#
..... ##.....## ### #.#
....... ##...## #.# .#.###..#
##+## ..# #.# ..# ### >. .#


There were no monsters in sight!

Vanquished Creatures
  A hound (D:4)
  A gnoll (D:3)
  3 adders (D:2)
  2 giant geckos
  An orc (D:4)
  8 hobgoblins
  2 jackals (D:1)
  5 kobolds
  A ball python (D:2)
  4 bats (D:1)
  A giant cockroach (D:4)
  4 giant newts
  4 goblins (D:1)
  5 rats
42 creatures vanquished.

Notes
Turn   | Place    | Note
--------------------------------------------------------------
     0 | D:1      | Ijustatesigmund the Octopode Wizard began the quest for the Orb.
     0 | D:1      | Reached XP level 1. HP: 11/11 MP: 4/4
   366 | D:1      | Reached XP level 2. HP: 13/17 MP: 0/6
   375 | D:1      | Learned a level 2 spell: Blink
   385 | D:1      | Learned a level 2 spell: Repel Missiles
  1057 | D:2      | Reached XP level 3. HP: 21/21 MP: 4/7
  1062 | D:2      | Learned a level 3 spell: Mephitic Cloud
  1316 | D:2      | Reached skill level 4 in Stealth
  1328 | D:2      | Reached XP level 4. HP: 18/27 MP: 8/8
  1634 | D:2      | Found a sacrificial altar of Ru.
  1881 | D:3      | Found an opulent altar of Gozag.
  2079 | D:4      | Noticed SlimeFever's ghost (amateur DsIE)
  2221 | D:4      | HP: 1/27 [poisoned by a worker ant]
  2223 | D:4      | Succumbed to a worker ant's poison

Vault maps used:
D:1:      co_arrival_square_in_a_square_in_a_square, st_stairs_10,
          roderic_chinese_pattern_swastika
D:2:      lemuel_round_altar
D:3:      hex_medium, nrook_mini_backslash,
          nicolae_gozag_cash_rules_everything_around_me
D:4:      overflow_temple_1_default, uniq_edmund

Action                   |  1- 3 |  4- 6 || total
-------------------------+-------+-------++-------
Melee: Spear             |    36 |       ||    36
       Short sword       |     9 |    16 ||    25
 Cast: Magic Dart        |    42 |    16 ||    58
       Repel Missiles    |     1 |       ||     1
       Blink             |       |     2 ||     2
       Mephitic Cloud    |       |     1 ||     1
  Use: Scroll            |     6 |     3 ||     9
       Potion            |     1 |     1 ||     2
 Stab: Sleeping          |     2 |     1 ||     3
  Eat: Chunk             |     1 |     3 ||     4
